 Dungeon Crawl Stone Soup version 0.29-a0-555-g3b24f45cc1 (webtiles) character file.

Game seed: 7349246256555745450

17 zishaf the Sneak (level 2, 0/15 HPs)
             Began as a Vine Stalker Brigand on June 7, 2022.
             Succumbed to an adder's poison
             ... on level 2 of the Dungeon.
             The game lasted 00:01:22 (631 turns).

zishaf the Sneak (Vine Stalker Brigand)              Turns: 631, Time: 00:01:22

Health: 0/15       AC:  3    Str: 13    XL:     2   Next: 62%
Magic:  0/3        EV: 15    Int: 11    God:
Gold:   25         SH:  0    Dex: 15    Spells: 1/1 levels left

rFire   . . .      SeeInvis .   a - +2 dagger
rCold   . . .      Faith    .   (no shield)
rNeg    . . .      Spirit   +   b - +0 robe
rPois   .          Reflect  .   (no helmet)
rElec   .          Harm     .   c - +0 cloak
rCorr   .          Rampage  .   (no gloves)
Will    .....                   (no boots)
Stlth   +++.......              (no amulet)
HPRegen 0.05/turn               i - +4 ring of evasion
MPRegen 0.08/turn               (no ring)

@: lethally poisoned (0 -> -5), hasted, very quick
A: fangs 2, magic shield, antimagic bite, no potion heal 2
a: no special abilities


You were on level 2 of the Dungeon.
You visited 1 branch of the dungeon, and saw 2 of its levels.

You collected 25 gold pieces.

Inventory:

Hand Weapons
 a - a +2 dagger (weapon)
Missiles
 d - 9 poisoned darts (quivered)
 e - 3 curare-tipped darts
Armour
 b - a +0 robe (worn)
 c - a +0 cloak (worn)
Jewellery
 i - a +4 ring of evasion (left hand)
Scrolls
 g - a scroll of silence {unknown}
 h - a scroll of teleportation {unknown}


   Skills:
 + Level 2.1 Fighting
 + Level 2.1 Short Blades
 - Level 2.0 Throwing
 - Level 1.0 Dodging
 + Level 5.1 Stealth


You had one spell level left.
You didn't know any spells.
Your spell library was empty.

Dungeon Overview and Level Annotations

Branches:
Dungeon (2/15)

Altars:


Innate Abilities, Weirdness & Mutations

You have extremely sharp teeth.
When hurt, damage is shared between your health and your magic reserves.
Your bite disrupts and absorbs the magic of your enemies.
Potions cannot restore your health.


Message History

You puncture the endoplasm!
You kill the endoplasm!
You hit the dart slug. You bite the dart slug. You drain its power.
The dart slug is severely wounded.
You hit the dart slug.
You kill the dart slug!
An endoplasm comes into view.
The adder hisses angrily.
The endoplasm quivers.
You hit the adder. Your bite misses the adder.
The adder is lightly wounded.
The adder bites you.
You are poisoned.
The adder poisons you!
You barely miss the adder.
The adder is lightly wounded.
You feel sick. The adder bites you.
You barely miss the adder.
The adder is lightly wounded.
You feel sick. The adder bites you.
You are too injured to fight recklessly!
You are too injured to fight recklessly!
You are too injured to fight recklessly!
You miss the adder. You bite the adder. You drain its power.
You feel invigorated.
The adder is heavily wounded.
You feel sick. The adder barely misses you. The adder closely misses you.
You miss the adder. You bite the adder. You drain its power.
The adder is severely wounded.
You feel sick. The adder bites you.
* * * LOW HITPOINT WARNING * * *
You are more poisoned.
The adder poisons you!
You hit the adder but do no damage.
The adder is severely wounded.
* * * LOW HITPOINT WARNING * * *
You feel sick. The endoplasm barely misses you. The adder bites you.
Unknown command.
It was a potion of haste.
You feel yourself speed up.
You die...

#.....#####....#..
#.#.........)..#..
#.#.#.####.....#.. ##
#.#.#...##.....#..
#.#.###'#.#.#.##........
.....=...#......####...
#.#.#.........†.........
......S....##......##..#
.#.#.J@...###....###...
.......$....###..## ..#.
#.#.#...†....##### ..#.
.............# ..##
#.#.#####.....# ..!# ...
#....## .. #.# ....## ..
##..## #..#


You could see an adder and an endoplasm.

Vanquished Creatures
  A dart slug (D:2)
  4 endoplasms (D:2)
  2 hobgoblins (D:2)
  2 jackals (D:2)
  A frilled lizard (D:2)
  2 kobolds (D:2)
  2 rats (D:1)
14 creatures vanquished.

Notes
Turn   | Place    | Note
-------+----------+-------------------------------------------
     0 | D:1      | zishaf the Vine Stalker Brigand began the quest for the
                  | Orb.
     0 | D:1      | Reached XP level 1. HP: 11/11 MP: 2/2
    75 | D:1      | You fall into a shaft and drop 1 floor!
   495 | D:2      | Reached skill level 1 in Dodging
   495 | D:2      | Reached XP level 2. HP: 15/15 MP: 3/3
   521 | D:2      | Reached skill level 5 in Stealth
   631 | D:2      | Succumbed to an adder's poison

Illustrated notes

Levels and vault maps discovered:
D:1:      tarquinn_simple_flora_water_e, layout_basic
D:2:      layout_basic, nicolae_ecumenical_oubliette, st_stairs_12, minivault_19

Skill      XL: |  1  2 |
---------------+-------+-----
Dodging        | 1 |  1.0
Fighting       | 2 |  2.1
Short Blades   | 2 |  2.1
Stealth        | 5 |  5.1
Throwing       | 2 |  2.0

Action                   || total
-------------------------++-------
Melee: Dagger            ||    42
       Bite              ||     7
  Use: Potion            ||     1
 Stab: Sleeping          ||     3
       Distracted        ||     1
Armor: Robe              ||     3
Dodge: Dodged            ||    17

Table legend: (Time is in decaauts)
 A = Elapsed time spent in this place.
 B = Non-inter-level travel time spent in this place.
 C = Inter-level travel time spent in this place.
 D = Time resting spent in this place.
 E = Time spent auto-exploring this place.
 F = Levels seen in this place.
 G = Mean time per level.
                   A        B        C        D        E       F      G
               +--------+--------+--------+--------+--------+-----+--------+
         Total |    626 |    626 |      0 |    308 |    140 |   2 |  313.0 |
       Dungeon |    626 |    626 |      0 |    308 |    140 |   2 |  313.0 |
               +--------+--------+--------+--------+--------+-----+--------+

Top non-repeatable levels by time:
     D:2: 551 daAuts
     D:1: 74 daAuts
